 Dungeon Crawl Stone Soup version 0.26-a0-1213-gd52f5182fe (webtiles) character file.

Game seed: 729503284492333667

7 Gargoyl the Skirmisher (level 2, -4/29 HPs)
             Began as a Gnoll Abyssal Knight on Dec 30, 2020.
             Was a Follower of Lugonu.
             Killed by divine providence
             ... invoked by a smoke demon
              (14 damage)
             ... on level 3 of the Abyss.
             The game lasted 00:00:32 (181 turns).

Gargoyl the Skirmisher (Gnoll Abyssal Knight)        Turns: 181, Time: 00:00:32

Health: -4/29      AC:  3    Str: 14    XL:     2   Next: 4%
Magic:  5/5        EV: 12    Int: 14    God:    Lugonu [*.....]
Gold:   0          SH:  0    Dex: 14    Spells: 1/1 levels left

rFire    . . .     SeeInvis .   a - +1 hand axe
rCold    . . .     Faith    .   (no shield)
rNeg     . . .     Spirit   .   b - +0 leather armour
rPois    .         Reflect  .   (no helmet)
rElec    .         Harm     .   (no cloak)
rCorr    .         Rampage  .   (no gloves)
Will     .....                  (no boots)
Stlth    +.........             (no amulet)
HPRegen  0.09/turn              (no ring)
MPRegen  0.09/turn              (no ring)

@: no status effects
A: distributed training, fangs 1, strong nose
a: Renounce Religion, Depart the Abyss


You were on level 3 of the Abyss.
You worshipped Lugonu.
Lugonu was aware of your devotion.
You visited 0 branches of the dungeon, and saw 0 of its levels.
You visited the Abyss 1 time.

Inventory:

Hand Weapons
 a - a +1 hand axe (weapon)
Armour
 b - a +0 leather armour (worn)


   Skills:
 + Level 6.4 Fighting
 + Level 0.2 Short Blades
 + Level 0.2 Long Blades
 + Level 4.4 Axes
 + Level 0.2 Maces & Flails
 + Level 0.2 Polearms
 + Level 0.2 Staves
 + Level 0.2 Slings
 + Level 0.2 Bows
 + Level 0.2 Crossbows
 + Level 0.2 Throwing
 + Level 4.4 Armour
 + Level 2.4 Dodging
 + Level 0.2 Stealth
 + Level 0.2 Shields
 + Level 0.2 Unarmed Combat
 + Level 0.2 Spellcasting
 + Level 0.1 Conjurations
 + Level 0.1 Hexes
 + Level 0.1 Summonings
 + Level 0.1 Necromancy
 + Level 0.1 Translocations
 + Level 0.1 Transmutations
 + Level 0.1 Fire Magic
 + Level 0.1 Ice Magic
 + Level 0.1 Air Magic
 + Level 0.1 Earth Magic
 + Level 0.1 Poison Magic
 + Level 4.4 Invocations
 + Level 0.2 Evocations


You had one spell level left.
You didn't know any spells.
Your spell library was empty.

Dungeon Overview and Level Annotations

Branches:
Dungeon (0/15)

Altars:


Innate Abilities, Weirdness & Mutations

Your experience applies equally to all skills.
You have very sharp teeth.
Your uncanny sense of smell can sniff out nearby items.


Message History

A smoke demon comes into view.
The smoke demon roars!
Found a stone.
Found a lumpy puce potion.
The smoke demon gestures at you. The ball of steam misses you.
Unknown command.
The smoke demon gestures at you. The ball of steam misses you.
Unknown command.
A thrashing horror comes into view.
The thrashing horror roars!
The tyrant leech is engulfed in a cloud of scalding steam.
Found a stone and a scroll labelled ULYHEC ROTTEHI.
Unknown command.
The thrashing horror closely misses you.
The thrashing horror tramples you.
You hold your ground!
The smoke demon gestures at you. Something smites you!
You die...

#...
(...##.w.#..##
§#.# #$........#
....#..§..#.#.
..###.#w#.......#
. ∆(.#.3...#.##.!
∆ ###.#.#...#..
.# ∆
#?(X#X.##.#...##
#(#....#.# ..#.##
#....@#### ..##.∆
......### . #....
.# #... ..# ∆ . ∆
∆


You could see a tyrant leech, a thrashing horror, a large abomination and a
smoke demon.

Vanquished Creatures
  A white imp (Abyss:3)
1 creature vanquished.

Notes
Turn   | Place    | Note
-------+----------+-------------------------------------------
     0 | Abyss:1  | Gargoyl the Gnoll Abyssal Knight began the quest for the
                  | Orb.
     0 | Abyss:1  | Reached XP level 1. HP: 23/23 MP: 3/3
    99 | Abyss:1  | Found a corrupted altar of Lugonu.
   129 | Abyss:3  | Reached XP level 2. HP: 10/29 MP: 5/5
   162 | Abyss:3  | Noticed a dire elephant simulacrum
   164 | Abyss:3  | Noticed a tyrant leech
   169 | Abyss:3  | Noticed a large abomination
   171 | Abyss:3  | Noticed a smoke demon
   180 | Abyss:3  | Noticed a thrashing horror
   181 | Abyss:3  | Killed from afar by a smoke demon

Illustrated notes

Levels and vault maps discovered:
Abyss:3:  base: Temple, hangedman_stitches_earthworm, bh_abyss_exit_spiral,
          hangedman_abyss_or_decor_lesser_grid

Action                   || total
-------------------------++-------
Melee: Hand axe          ||     7
       Bite              ||     1
Dodge: Dodged            ||     7

Table legend: (Time is in decaauts)
 A = Elapsed time spent in this place.
 B = Non-inter-level travel time spent in this place.
 C = Inter-level travel time spent in this place.
 D = Time resting spent in this place.
 E = Time spent auto-exploring this place.
 F = Levels seen in this place.
 G = Mean time per level.
                   A        B        C        D        E       F      G
               +--------+--------+--------+--------+--------+-----+--------+
         Total |    180 |    180 |      0 |      0 |     99 |   3 |   60.0 |
         Abyss |    180 |    180 |      0 |      0 |     99 |   3 |   60.0 |
               +--------+--------+--------+--------+--------+-----+--------+

Top non-repeatable levels by time:
 Abyss:1: 106 daAuts
 Abyss:3: 64 daAuts
 Abyss:2: 10 daAuts
